 Dungeon Crawl Stone Soup version 0.27-a0-1416-g941b2bd30b (webtiles) character file.

Game seed: 7737983224199733816

38761 kazelolz the Severer (level 13, -7/122 HPs)
             Began as a Minotaur Berserker on June 30, 2021.
             Was a High Priest of Trog.
             Mangled by an ettin (20 damage)
             ... on level 15 of the Dungeon on July 2, 2021.
             The game lasted 00:25:24 (18640 turns).

kazelolz the Severer (Minotaur Berserker)          Turns: 18640, Time: 00:25:24

Health: -7/122     AC: 23    Str: 27    XL:     13   Next: 65%
Magic:  12/12      EV:  8    Int:  5    God:    Trog [*****.]
Gold:   1078       SH: 14    Dex:  9    Spells: 12/12 levels left

rFire    + . .     SeeInvis .   f - +1 war axe
rCold    + . .     Faith    .   g - +1 kite shield {rN+}
rNeg     + . .     Spirit   .   G - +0 plate armour
rPois    .         Reflect  .   r - +2 hat
rElec    .         Harm     .   o - +2 cloak
rCorr    .         Rampage  .   M - +1 pair of gloves {archery}
Will     .....                  (no boots)
Stlth    ..........             (no amulet)
HPRegen  0.30/turn              l - ring of protection from fire
MPRegen  0.13/turn              y - ring of protection from cold

@: on berserk cooldown, slowed, very slow
A: horns 2, retaliatory headbutt
a: Renounce Religion, Berserk, Trog's Hand, Brothers in Arms


You were on level 15 of the Dungeon.
You worshipped Trog.
Trog was extremely pleased with you.
You visited 1 branch of the dungeon, and saw 15 of its levels.
You also visited: Bailey.

You collected 1300 gold pieces.
You spent 222 gold pieces at shops.

Inventory:

Hand Weapons
 f - a +1 war axe (weapon)
 j - a +1 halberd of flaming
 T - a +3 scimitar of flaming
Missiles
 F - 7 atropa-tipped darts (quivered)
 I - a throwing net
 O - a curare-tipped dart
Armour
 g - a +1 kite shield of positive energy (worn)
 o - a +2 cloak (worn)
 r - a +2 hat (worn)
 G - a +0 plate armour (worn)
 M - a +1 pair of gloves of archery (worn)
Jewellery
 l - a ring of protection from fire (left hand)
 n - a ring of flight
 y - a ring of protection from cold (right hand)
 L - the ring of Zauniphi {Drain rC+ Str+3 Int+3 Dex+3}
   (You found it on level 11 of the Dungeon)

   [ring of protection from cold]

   Str:       It affects your strength (+3).
   Int:       It affects your intelligence (+3).
   Dex:       It affects your dexterity (+3).
   rC:        It protects you from cold.
   Drain:     It drains your maximum health when unequipped.
 R - an amulet of the acrobat
Wands
 h - a wand of acid (15)
 k - a wand of paralysis (13)
 t - a wand of charming (21)
 u - a wand of flame (56)
 A - a wand of polymorph (6)
 D - a wand of iceblast (28)
Scrolls
 c - 5 scrolls of magic mapping
 d - 6 scrolls of teleportation
 i - 2 scrolls of enchant weapon
 m - 6 scrolls of identify
 q - a scroll of silence
 s - 2 scrolls of enchant armour
 v - a scroll of fear {unknown}
 x - 2 scrolls of immolation
 K - 2 scrolls of fog {unknown}
 P - a scroll of blinking {unknown}
 Q - a scroll of brand weapon {unknown}
Potions
 a - 3 potions of curing
 e - 2 potions of resistance
 p - a potion of might
 w - a potion of lignification {unknown}
 z - 2 potions of magic {unknown}
 B - 2 potions of attraction
 E - 2 potions of heal wounds
 H - 3 potions of mutation {unknown}
 J - a potion of haste
 S - 2 potions of brilliance {unknown}
Miscellaneous
 b - a lightning rod (4/4)
 C - a phial of floods
 N - a phantom mirror


   Skills:
 + Level 13.0 Fighting
 + Level 16.8(17.0) Axes
 + Level 4.0(12.0) Polearms
 + Level 12.5 Armour
 + Level 4.4 Dodging
 + Level 1.7 Stealth
 + Level 11.7 Shields
 + Level 0.1 Evocations


You had 12 spell levels left.
You didn't know any spells.
Your spell library was empty.

Dungeon Overview and Level Annotations

Branches:
Dungeon (15/15)            Temple (0/1) D:4            Lair (0/6) D:11
    Orc (0/2) D:10         Vaults (0/5) D:14         Depths (0/5) D:15
 Bailey (visited)

Altars:
Ru
Yredelemnul
Zin

Shops:
D:4 [   D:5 :=   D:7 ?   D:8 [(=![=


Innate Abilities, Weirdness & Mutations

You have a pair of horns on your head.
You reflexively headbutt those who attack you in melee.


Message History

Calm down first, please.
Calm down first, please.
You feel a strong urge to attack something.
You feel your anger nearly subside.
You are no longer berserk.
You are exhausted.
You feel yourself slow down. As you open the door, it creaks loudly!
There is an open door here.
You open the door.
Found a staircase to the Depths.
An ettin comes into view.
It is wielding a +0 dire flail and a +0 great mace.
The ettin shouts in stereo!
The ettin hits you with a +0 dire flail!!
You block the ettin's attack.
There is an open door, spattered with blood here.
You hit the ettin but do no damage. You headbutt the ettin.
The ettin is lightly wounded.
You block the ettin's attack.
The ettin hits you with a +0 great mace!!
You slash the ettin! You headbutt the ettin!
The ettin is heavily wounded.
The ettin closely misses you. You block the ettin's attack.
You slice the ettin!!
The ettin is severely wounded.
The ettin hits you with a +0 dire flail!!
The ettin hits you but does no damage.
You hit the ettin. You headbutt the ettin.
The ettin is severely wounded.
You block the ettin's attack. x3
The ettin hits you with a +0 great mace.
You hit the ettin.
The ettin is severely wounded.
The ettin hits you with a +0 dire flail.
You block the ettin's attack.
You slash the ettin! Your headbutt misses the ettin.
The ettin is almost dead.
The ettin hits you with a +0 dire flail!!
* * * LOW HITPOINT WARNING * * *
The ettin hits you with a +0 great mace!!
You die...

####### ##.$>$.##
#### #.......#
##).## #..C....#
##<...######@###+###
#[.<...##...........
#...##'#.....#......
##..#............#..
##.+.......#......
###...........#...
#.......#........
.....#.......#....
.....#...#........


You could see an ettin.

Vanquished Creatures
  Azrael (D:14)
  Snorg (D:12)
  A yaktaur captain (D:14)
  3 hydras
  6 two-headed ogres
  A tengu warrior (D:14)
  A centaur warrior (D:13)
  A wizard (D:14)
  A deep elf pyromancer (D:13)
  A wolf spider zombie (D:12)
  The ghost of RBrandon the Vexing, a novice DsDe (D:6)
  13 ugly things
  3 manticores
  An orc knight (Bailey)
  A cyclops (D:13)
  A gargoyle (D:10)
  A komodo dragon (D:11)
  2 yaktaurs (D:14)
  A kobold demonologist (D:11)
  An efreet (D:13)
  A tengu conjurer (D:14)
  3 trolls
  9 slime creatures
  A centaur simulacrum (D:14)
  A spriggan (shapeshifter) (D:13)
  3 meliai zombies (D:12)
  A wyvern (shapeshifter) (D:9)
  A shadow (D:10)
  2 wraiths (D:11)
  A human (shapeshifter) (D:14)
  17 yaks
  2 basilisks (D:11)
  3 wyverns
  2 fire elementals (D:14)
  6 vampire mosquitoes
  3 water moccasins (D:9)
  3 hell hounds (D:14)
  2 sky beasts (D:5)
  A black bear (D:7)
  14 orc warriors
  2 ice beasts (D:7)
  A swamp drake (D:11)
  A necrophage (D:8)
  A boggart (D:15)
  3 ogres
  9 centaurs
  A phantom (D:5)
  3 kobold brigands
  2 scorpions (D:5)
  A water moccasin zombie (D:6)
  A water moccasin skeleton (D:5)
  9 wights
  An electric eel (D:8)
  4 howler monkeys
  2 bullfrog skeletons
  A gnoll shaman (D:7)
  5 hounds
  Crazy Yiuf (D:2)
  15 centaur zombies
  10 orc priests
  3 jellies
  Jessica (D:2)
  3 iguanas
  Natasha (thrice) (D:2)
  11 orc wizards
  3 scorpion zombies (D:5)
  A killer bee zombie (D:7)
  A howler monkey zombie (D:5)
  11 gnolls
  A howler monkey skeleton (D:6)
  9 adders
  A shadow imp (D:7)
  2 white imps
  An ufetubus (D:4)
  2 dart slugs (D:3)
  67 orcs
  2 endoplasms
  2 giant cockroaches (D:3)
  7 goblins
  3 hobgoblins
  3 jackals (D:2)
  4 quokkas
  7 ball pythons
  9 bats
  5 frilled lizards
  10 kobolds
  7 rats
370 creatures vanquished.

Vanquished Creatures (others)
  4 toadstools (D:4)
4 creatures vanquished.

Grand Total: 374 creatures vanquished

Notes
Turn   | Place    | Note
-------+----------+-------------------------------------------
     0 | D:1      | kazelolz the Minotaur Berserker began the quest for the
                  | Orb.
     0 | D:1      | Reached XP level 1. HP: 19/19 MP: 0/0
   391 | D:1      | Reached XP level 2. HP: 25/27 MP: 1/1
   417 | D:1      | Reached skill level 4 in Axes
  1190 | D:2      | Found a sacrificial altar of Ru.
  1193 | D:2      | Reached ** piety under Trog
  1286 | D:2      | Noticed Natasha
  1295 | D:2      | Killed Natasha
  1296 | D:2      | Reached XP level 3. HP: 14/33 MP: 2/2
  1360 | D:2      | Noticed Natasha
  1366 | D:2      | Killed Natasha
  1367 | D:2      | Reached XP level 4. HP: 20/40 MP: 3/3
  1486 | D:2      | Noticed Natasha
  1503 | D:2      | Killed Natasha
  1504 | D:2      | Reached skill level 5 in Axes
  1695 | D:2      | Found a runed translucent door.
  1696 | D:2      | Noticed Crazy Yiuf
  1815 | D:2      | Killed Crazy Yiuf
  1965 | D:2      | Reached XP level 5. HP: 47/47 MP: 4/4
  2098 | D:2      | Noticed Jessica
  2101 | D:2      | Killed Jessica
  2362 | D:3      | Found a glowing silver altar of Zin.
  2823 | D:3      | Reached skill level 6 in Axes
  2945 | D:4      | Found Bulis's Armour Boutique.
  2954 | D:4      | Bought a +2 hat for 192 gold pieces
  3112 | D:4      | Reached XP level 6. HP: 42/55 MP: 5/5
  3114 | D:4      | Reached skill level 5 in Fighting
  3137 | D:4      | Reached *** piety under Trog
  3357 | D:4      | Found a staircase to the Ecumenical Temple.
  3362 | D:4      | Reached skill level 1 in Shields
  3716 | D:5      | Entered Level 5 of the Dungeon
  4037 | D:5      | Reached skill level 7 in Axes
  4115 | D:5      | Noticed a sky beast
  4129 | D:5      | Reached XP level 7. HP: 59/61 MP: 6/6
  4144 | D:5      | HP: 3/62 [poisoned by an adder]
  4162 | D:5      | Reached skill level 8 in Axes
  4401 | D:5      | Reached skill level 5 in Armour
  4446 | D:5      | Reached XP level 8. HP: 48/71 MP: 7/7
  4635 | D:5      | Found Raixong's Jewellery Shoppe.
  4792 | D:5      | Found Tubazxei's Book Boutique.
  5179 | D:6      | Reached skill level 9 in Axes
  5307 | D:6      | Reached **** piety under Trog
  5504 | D:6      | Found a runed translucent door.
  5504 | D:6      | Noticed RBrandon's ghost (novice DsDe)
  5518 | D:6      | Killed RBrandon's ghost
  5519 | D:6      | Reached skill level 10 in Axes
  5519 | D:6      | Reached XP level 9. HP: 81/81 MP: 8/8
  6352 | D:7      | Reached skill level 1 in Stealth
  6929 | D:7      | Reached skill level 11 in Axes
  7009 | D:7      | Found Qeimieviung's Magic Scroll Emporium.
  7015 | D:7      | Bought a scroll of identify for 30 gold pieces
  7054 | D:7      | Identified a scroll of acquirement
  7054 | D:7      | Acquired a +1 kite shield of positive energy
  8035 | D:8      | Reached skill level 5 in Shields
  8178 | D:8      | Found Juvveih's Weapon Emporium.
  8179 | D:8      | Found Geappopn's Distillery.
  8180 | D:8      | Found Beckohuh's Antique Armour Boutique.
  8180 | D:8      | Found Igyggatafi's Jewellery Shop.
  8181 | D:8      | Found Carol's Antique Armour Boutique.
  8181 | D:8      | Found Ruchirang's Jewellery Emporium.
  8537 | D:8      | Reached XP level 10. HP: 78/90 MP: 9/9
  9193 | D:9      | Reached skill level 12 in Axes
  9274 | D:9      | Reached ***** piety under Trog
  9762 | D:9      | Upgraded the game from 0.27-a0-1384-g1422d76b99 to
                  | 0.27-a0-1416-g941b2bd30b
  9774 | D:10     | Entered Level 10 of the Dungeon
  9946 | D:10     | Received a gift from Trog
 10093 | D:10     | Found a staircase to the Orcish Mines.
 10242 | D:10     | Noticed a gargoyle
 10253 | D:10     | Killed a gargoyle
 10408 | D:10     | Noticed a two-headed ogre
 10414 | D:10     | Killed a two-headed ogre
 10415 | D:10     | Reached skill level 13 in Axes
 10870 | D:11     | Reached XP level 11. HP: 99/99 MP: 10/10
 11112 | D:11     | Noticed a two-headed ogre
 11122 | D:11     | Killed a two-headed ogre
 11231 | D:11     | Identified the ring of Zauniphi {Drain rC+ Str+3 Int+3
                  | Dex+3}
 11272 | D:11     | Noticed a brown ugly thing
 11286 | D:11     | Killed a brown ugly thing
 11287 | D:11     | Reached skill level 10 in Fighting
 11371 | D:11     | Found a flagged portal.
 11380 | Bailey   | Entered a bailey
 11840 | Bailey   | Noticed an orc knight
 11859 | Bailey   | Killed an orc knight
 11860 | Bailey   | Reached skill level 1 in Polearms
 12213 | D:11     | Noticed a two-headed ogre
 12216 | D:11     | Noticed a two-headed ogre
 12221 | D:11     | Killed a two-headed ogre
 12222 | D:11     | Reached skill level 14 in Axes
 12229 | D:11     | Killed a two-headed ogre
 12868 | D:11     | Found a staircase to the Lair.
 12979 | D:11     | Reached skill level 10 in Armour
 13343 | D:11     | Noticed a sixfirhy
 13554 | D:12     | Noticed a white ugly thing
 13576 | D:12     | Killed a white ugly thing
 13823 | D:12     | Noticed a seven-headed hydra
 13836 | D:12     | Killed a three-headed hydra
 13837 | D:12     | Reached XP level 12. HP: 61/108 MP: 11/11
 14108 | D:12     | Noticed a two-headed ogre
 14116 | D:12     | Killed a two-headed ogre
 14260 | D:12     | Reached skill level 15 in Axes
 14498 | D:12     | Found a basalt altar of Yredelemnul.
 14787 | D:12     | Reached skill level 10 in Shields
 14788 | D:12     | Identified the +5 lajatang "Jieh" {vorpal, rC+} (Trog
                  | gifted it to you on level 12 of the Dungeon)
 14788 | D:12     | Received a gift from Trog
 14965 | D:12     | Reached skill level 16 in Axes
 15059 | D:12     | Noticed Snorg
 15075 | D:12     | Killed Snorg
 15341 | D:12     | Noticed a seven-headed hydra
 15349 | D:12     | Killed a 14-headed hydra
 15843 | D:13     | Reached XP level 13. HP: 105/118 MP: 12/12
 16885 | D:14     | Found a gate to the Vaults.
 17935 | D:14     | Noticed Azrael
 17963 | D:14     | Killed Azrael
 18606 | D:15     | Entered Level 15 of the Dungeon
 18633 | D:15     | Found a staircase to the Depths.
 18634 | D:15     | Noticed an ettin
 18640 | D:15     | Mangled by an ettin

Illustrated notes

Levels and vault maps discovered:
D:1:      roderic_crop_circles_arrival_small, layout_loops_corners,
          corner_web_ring, grunt_decor_clamped, minmay_vboxes
D:2:      layout_rooms, basic_altar, uniq_natasha, uniq_crazy_yiuf_cottage,
          uniq_jessica
D:3:      layout_basic, zin_statuary, minmay_pentangle
D:4:      layout_loops_ring, minmay_temple_entry_waves, serial_shops, shop,
          minmay_gold_behind_fungi
D:5:      layout_loops_ring, serial_shops, kennysheep_mini_moat, shop,
          minmay_fractal_squares_diagonal_5
D:6:      layout_basic, gammafunk_ghost_grave, hangedman_decor_push,
          kennysheep_big_empty_room, amethyst_killhole, minmay_misc_feat_tower
D:7:      minmay_general_purpose_star, layout_basic, serial_shops, shop_statue
D:8:      layout_basic, hangedman_decor_riveting, nicolae_wooded_promenade
D:9:      layout_cross, kennysheep_minor_cross
D:10:     layout_irregular_city, hiddenorc1_lemuel, kennysheep_small_circle
D:11:     layout_loops_ring, erik_lair_dragon, enter_bailey_2,
          serial_co_window_serial, co_window_corner_a,
          co_window_of_opportunity_a, co_window_corner_a, co_window_corner_a,
          co_window_paths_b, co_window_paths_a, co_window_of_opportunity_a,
          co_window_cross_4, co_window_corner_b, co_window_broadway_b,
          co_window_broadway_a, co_window_broadway_b, co_window_paths_c,
          glass_columns_a, glass_columns_a, hangedman_abyss_or_decor_passed,
          kennysheep_generic_room_6
D:12:     layout_roguey, special_room [special_room_orc],
          nicolae_yredelemnul_corpse_copse, uniq_snorg
D:13:     layout_basic
D:14:     layout_loops_cross, david_vaults_2, uniq_azrael, uniq_kirke
D:15:     hangedman_spin_cycle

Skill      XL: |  1  2  3  4  5  6  7  8  9 10 11 12 13 |
---------------+----------------------------------------+-----
Axes           | 4 5 6 7 8 10 11 13 14 16 | 16.8
Fighting       | 4 5 6 7 8 9 10 12 13 | 13.0
Armour         | 3 4 5 6 7 8 10 11 12 | 12.5
Dodging        | 3 4 |  4.4
Shields        | 1 2 5 7 9 10 11 | 11.7
Stealth        | 1 |  1.7
Polearms       | 3 4 |  4.0
Evocations     | |  0.1

Action                   |  1- 3 |  4- 6 |  7- 9 | 10-12 | 13-15 || total
-------------------------+-------+-------+-------+-------+-------++-------
Melee: Hand axe          |    50 |    54 |       |       |       ||   104
       Headbutt          |     6 |    21 |    64 |   157 |    43 ||   291
       War axe           |       |    85 |   274 |   558 |   184 ||  1101
       Halberd           |       |       |       |    43 |       ||    43
Invok: Berserk           |       |     2 |     2 |    10 |     7 ||    21
       Trog's Hand       |       |       |     5 |     3 |       ||     8
Evoke: Wand              |       |       |     1 |       |       ||     1
  Use: Potion            |       |       |     1 |       |       ||     1
       Scroll            |       |       |    17 |       |       ||    17
Armor: Animal skin       |     5 |       |       |       |       ||     5
       Ring mail         |    10 |    10 |       |       |       ||    20
       Scale mail        |       |    16 |       |       |       ||    16
       Chain mail        |       |    44 |   114 |       |       ||   158
       Plate armour      |       |       |    64 |   370 |    76 ||   510
Dodge: Dodged            |    38 |    80 |    94 |   146 |    33 ||   391
Block: Buckler           |       |    28 |    33 |       |       ||    61
       Kite shield       |       |       |    45 |   387 |    86 ||   518

Table legend: (Time is in decaauts)
 A = Elapsed time spent in this place.
 B = Non-inter-level travel time spent in this place.
 C = Inter-level travel time spent in this place.
 D = Time resting spent in this place.
 E = Time spent auto-exploring this place.
 F = Levels seen in this place.
 G = Mean time per level.
                   A        B        C        D        E       F      G
               +--------+--------+--------+--------+--------+-----+--------+
         Total |  18764 |  18219 |    545 |      0 |  15676 |  16 | 1172.8 |
       Dungeon |  17934 |  17389 |    545 |      0 |  15110 |  15 | 1195.6 |
        Bailey |    830 |    830 |      0 |      0 |    566 |   1 |  830.0 |
               +--------+--------+--------+--------+--------+-----+--------+

Top non-repeatable levels by time:
    D:12: 2261 daAuts
    D:14: 1811 daAuts
    D:11: 1792 daAuts
     D:8: 1546 daAuts
     D:5: 1459 daAuts
     D:7: 1190 daAuts
     D:1: 1173 daAuts
    D:13: 1154 daAuts
     D:6: 1055 daAuts
    D:10: 1012 daAuts
     D:2: 992 daAuts
     D:9: 865 daAuts
  Bailey: 830 daAuts
     D:4: 791 daAuts
     D:3: 789 daAuts
